Unix xNetHack Version 8.0.0 - last build Mar 23 2024 02:42:02 (1964348d4f5f1cf1067ea9968e02252fcc83c468). Game began 2024-04-26 14:19:31, ended 2024-04-27 15:20:07. Okoto, lawful female human Valkyrie ----- |..[| ---------------- |...-# |..............| |...|# ##............^...# |...|## ----- ----- # -------------|--# --.-- # #-...| |...| # # # ###### ##|...---....## # # # # ############### ##-.........| `###### # # ## # # # ####---.....--- ## ## # # ------ # [ ---------|--####### |.....| ## # # ### |.|..| # # |..........-#+ ---.....--- # ## # # |....| ---|--- ##...........| |.....'....#### ####### # ####-....| |*...(| |.....%....-#######....---...| ## # ## |..).| |[.=..| |....).....| |...| |...| # # ####.....| |*.(.?| ---------.-- ----- ----- ## ### |<...| |[.+%!| # --.--# ------ ------- |.>..# # |...| ----- Okoto the Woman-at-arms St:18/04 Dx:14 Co:16 In:10 Wi:11 Ch:7 Lawful S:86616 Dlvl:6 $:0 HP:0(115) Pw:33(33) AC:3 Xp:12/19737 T:27560 Latest messages: It hits! It bites! It just misses! It claws you! Its sting was poisoned! It just misses! In what direction? s You materialize in a different location! You see here a quasit corpse. It claws you! It claws you! Its sting was poisoned! It bites! It claws you! It claws you! It bites! You finish your dressing maneuver. You slash it. It misses! It claws you! It bites! It claws you! It claws you! It bites! It claws you! It claws you! It misses! It claws you! It misses! It misses! It misses! It hits! It bites! In what direction? 9 Your plate mail blocks its attack. It claws you! It bites! You attack thin air. It claws you! It claws you! Your pair of leather gloves blocks its attack. It claws you! It claws you! It bites! You die... Do you want your possessions identified? [ynq] (y) y Do you want to see your attributes? [ynq] (y) y Do you want an account of creatures vanquished? [ynaq] (y) n Do you want to see your conduct and achievements? [ynq] (y) n Do you want to see the dungeon overview? [ynq] (y) n Inventory: Inventory: 902/925 weight (26/52 slots) Amulets U - a blessed silver amulet of reflection {25} Weapons R - 7 +0 platinum darts {7} W - a +8 platinum two-handed sword (weapon in hands) {225} Armor H - an uncursed +0 mithril dwarvish helm {25} G - a blessed +1 pair of leather gloves (being worn) {8} B - an uncursed +0 pair of silver dwarvish boots {56} C - an uncursed +0 cloak of invisibility (being worn) {8} A - an uncursed thoroughly rusty +0 plate mail (being worn) {338} Comestibles a - 3 uncursed food rations {60} f - 2 uncursed lichen corpses {40} b - an uncursed lizard corpse {10} Scrolls M - an uncursed scroll of light {5} u - an uncursed scroll of punishment {5} n - 3 uncursed scrolls of teleportation {15} P - a cursed scroll of teleportation {5} Rings O - a blessed +4 ring of gain strength (on left hand) {3} L - an uncursed ring of levitation {3} Z - an uncursed ring of slow digestion (on right hand) {3} Wands r - a wand of magic missile (0:6) {7} q - a wand of teleportation (0:2) {7} Tools K - an uncursed skeleton key {3} T - an uncursed towel {2} J - a +0 unicorn horn {20} Gems/Stones Q - 2 uncursed worthless pieces of white glass {2} y - an uncursed luckstone {10} D - an uncursed touchstone {10} Okoto the Valkyrie's attributes: Background: You were a Woman-at-arms, a level 12 human Valkyrie. You were lawful, on a mission for Tyr who was opposed by Odin (neutral) and Loki (chaotic). You were heterosexual. You were in the Dungeons of Doom, on level 6. You entered the dungeon 27560 turns ago. You had 19737 experience points, 1263 more were needed to attain level 13. Your score was 86616 before end-of-game adjustments. Basics: You had 0 out of 115 hit points. You had all 33 energy points (spell power). Your armor class was 3. Your wallet was empty. Autopickup was off. Final Characteristics: Your strength was 18/04 (base:18, limit:18/100). Your dexterity was 14 (peak:15, limit:18). Your constitution was 16 (limit:18). Your intelligence was 10 (limit:18). Your wisdom was 11 (limit:18). Your charisma was 7 (limit:18). Final Status: You were not hungry. You were unencumbered. You were wielding a two-handed sword. You were skilled in two-handed sword. Final Attributes: You were piously aligned. You were fire resistant. You were cold resistant. You were telepathic. You were invisible. You were stealthy. You had slower digestion. You were guarded. You were fast. You were lucky. You had extra luck. Bad luck did not time out for you. Good luck did not time out for you. You are dead (2nd time!). Miscellaneous: You never encountered a bones level. Total elapsed playing time was 9 hours, 48 minutes and 21 seconds. Major events: Turn 1: Okoto the lawful human Valkyrie entered the dungeon 1076: attained the rank of Skirmisher (level 3) 2256: entered the Gnomish Mines 3257: attained the rank of Fighter (level 6) 3450: reached Mine Town 6212: entered Sokoban 6619: completed 1st Sokoban level 7117: completed 2nd Sokoban level 7531: completed 3rd Sokoban level 8610: completed 4th Sokoban level 9373: acquired the Sokoban amulet of reflection 13385: attained the rank of Woman-at-arms (level 10) 26354: acquired the Mines' End luckstone 27548: averted death (killed by a quasit) 27560: killed by an invisible quasit Vanquished creatures: 11 frost giants 2 giant mimics an orc-captain a long worm a zruty 26 fire giants 2 elven monarchs an ice troll a wumpus 7 fire vortices 4 stalkers a giant zombie 8 sergeants a warg 10 small mimics 4 warhorses 2 xans 2 trolls 5 quantum mechanics a wood golem a pyrolisk 3 large dogs 3 freezing spheres a tiger 2 ochre jellies a leocrotta a stone giant 3 Grey-elves a pit viper a cobra 2 wraiths a carnivorous ape a leather golem a watchman an amorous demon a chameleon 4 giant beetles a quivering blob 2 cockatrices 6 wolves 10 winter wolf cubs a lynx a panther a gremlin a leprechaun 2 mountain nymphs 3 giant spiders a scorpion 2 horses an ice vortex 2 vampire bats 3 gnome rulers 2 orc mummies a dwarf mummy 3 Green-elves a rust monster 5 owlbears 3 yetis 3 lizards a dog a housecat 5 jaguars a blue jelly 3 gray unicorns 4 dust vortices 3 ravens a plains centaur a gnome mummy a Woodland-elf a snake 2 apes 2 human zombies a rope golem a soldier ant 10 fire ants a quasit 5 wood nymphs 4 bugbears 9 Mordor orcs 2 Uruk-hai 5 rock piercers a rock mole 4 ponies 2 yellow lights 2 violet fungi 15 gnome leaders 5 gnomish wizards 2 kobold mummies 2 gray oozes a barrow wight 4 ghouls a straw golem 2 paper golems 9 giant ants 3 little dogs 5 floating eyes 11 dwarves 3 homunculi 4 rothes a centipede a giant bat a monkey a dwarf zombie a werejackal 9 iguanas 15 killer bees an acid blob 2 gas spores 4 hobbits a large kobold 2 hobgoblins 6 giant rats 4 cave spiders 3 brown molds 2 yellow molds 3 red molds 65 gnomes 8 garter snakes a gnome zombie 2 geckos 13 jackals 4 foxes 2 kobolds 6 goblins 2 sewer rats 6 grid bugs 5 bats 6 lichens 10 newts 501 creatures vanquished. No species were genocided or became extinct. Voluntary challenges: You read items or engraved 27 times. You never genocided any monsters. You never polymorphed an object. You never changed form. You never touched an artifact. You used no wishes. You never generated conflict. You did not violate any of the special Sokoban rules. Achievements: You attained the rank of Skirmisher. You entered a shop. You entered the Gnomish Mines. You attained the rank of Fighter. You entered Minetown. You entered a temple. You entered Sokoban. You completed Sokoban. You attained the rank of Woman-at-arms. You completed the Gnomish Mines. Dungeon overview: The Dungeons of Doom: levels 1 to 13 Level 1: Many fountains, a grave, a tree. Level 2: A fountain. Level 3: A general store. Level 4: A grave. Stairs down to The Gnomish Mines. Level 5: Many fountains, many trees. Oracle of Delphi. Level 6: <- You were here. A general store, a grave. Stairs up to Sokoban, level 5. Final resting place for you, killed by an invisible quasit. Level 7: A fountain, a tree. Level 8: A health food store, a fountain. Level 9: A general store. Level 10: A fountain. Level 11: A fountain, many trees. Level 12: A fountain, many graves. Summoned by the Norn. Portal to The Quest. Level 13: The Gnomish Mines: levels 5 to 12 Level 5: Level 6: Level 7: Level 8: Many shops, a temple, some fountains. Level 9: Level 10: Level 11: Level 12: A fountain. The Quest: levels 1 to 5 Level 1: A fountain, a tree. Given quest by the Norn. Level 2: Level 3: Level 4: Level 5: A throne. Sokoban: levels 5 up to 2 Level 2: Solved. Level 3: Solved. Level 4: Solved. Level 5: Solved. Game over: __________ / \ / REST \ / IN \ / PEACE \ / \ | Okoto | | 0 Au | | killed by an | | invisible quasit | | | | | | 2024 | *| * * * | * _________)/\\_//(\/(/\)/\//\/|_)_______ Farvel Okoto the Valkyrie... You died in The Dungeons of Doom on dungeon level 6 with 86616 points, and 0 pieces of gold, after 27560 moves. You were level 12 with a maximum of 115 hit points when you died.